 Dungeon Crawl Stone Soup version 0.31-a0-210-gccc998df9b (webtiles) character file.

Game seed: 1381388189979987966

1068 Dittersdorf the Trooper (level 8, 0/51 HPs)
             Began as a Gargoyle Fighter on June 29, 2023.
             Was a Follower of Okawaru.
             Slain by a kobold
             ... wielding a +0 short sword
              (2 damage)
             ... on level 6 of the Dungeon.
             The game lasted 00:06:40 (4748 turns).

Dittersdorf the Trooper (Gargoyle Fighter)          Turns: 4748, Time: 00:06:41

Health: 0/51       AC: 16    Str: 21    XL:     8   Next: 28%
Magic:  0/8        EV:  9    Int: 10    God:    Okawaru [*.....]
Gold:   270        SH:  5    Dex:  9    Spells: 7/7 levels left

rFire   . . .        a - +1 flail
rCold   . . .        c - +0 buckler
rNeg    + . .        b - +0 scale mail
rPois   ∞            (no helmet)
rElec   +            (no cloak)
rCorr   .            h - +0 pair of gloves
SInv    .            p - +1 pair of boots
Will    .....        j - amulet of guardian spirit Stlth
                     u - ring of wizardry
HPRegen 0.28/turn    (no ring)
MPRegen 0.11/turn

%: guardian spirit, wizardry (x1)
@: no status effects
A: sickness immunity, AC +5, negative energy resistance 1, electricity
resistance, torment resistance 1, petrification resistance
a: Renounce Religion, Heroism


You were on level 6 of the Dungeon.
You worshipped Okawaru.
Okawaru was aware of your devotion.
You visited 2 branches of the dungeon, and saw 7 of its levels.

You collected 270 gold pieces.

Inventory:

Hand Weapons
 a - a +1 flail (weapon)
Missiles
 g - 10 poisoned darts (quivered)
Armour
 b - a +0 scale mail (worn)
 c - a +0 buckler (worn)
 h - a +0 pair of gloves (worn)
 p - a +1 pair of boots (worn)
Jewellery
 j - an amulet of guardian spirit (around neck)
 u - a ring of wizardry (left hand)
Wands
 i - a wand of roots (14)
 q - a wand of digging (6)
Scrolls
 e - a scroll of fog
 f - 3 scrolls of teleportation
 l - a scroll of blinking
 t - a scroll of enchant weapon
Potions
 d - a potion of might
 m - 2 potions of berserk rage
 o - a potion of haste
 r - 2 potions of curing
 s - a potion of brilliance


   Skills:
 + Level 6.1 Fighting
 + Level 5.0 Maces & Flails
 + Level 6.1 Armour
 + Level 6.1 Shields


You had 7 spell levels left.
You didn't know any spells.
Your spell library was empty.

Dungeon Overview and Level Annotations

Branches:
Dungeon (6/15)             Temple (1/1) D:4

Altars:
Ashenzari
Cheibriados
Dithmenos
Fedhas
Gozag
Hepliaklqana
Kikubaaqudgha
Makhleb
Nemelex Xobeh
Okawaru
Qazlal
Ru
Sif Muna
Trog
Uskayaw
Vehumet
Wu Jian
Yredelemnul
Zin
The Shining One

Shops:
D:1 ?   D:2 ?

Annotations:
D:5 2 runed translucent doors, AwFulAwFulPlayer's ghost, amateur OpDe


Innate Abilities, Weirdness & Mutations

You are immune to sickness and miasma.
Your stone body is resilient. (AC +5)
You are immune to poison.
You resist negative energy. (rN+)
You are resistant to electric shocks. (rElec)
You are resistant to unholy torment.
You are immune to petrification.


Message History

You are held in a net!
You are held in a net!
You are held in a net!
You are held in a net!
You are held in a net!
You are held in a net!
You are held in a net!
You are held in a net!
You are held in a net!
You are held in a net!
You tear a large gash into the net.
The kobold barely misses you.
The gnoll hits you from afar with a +0 spear. x2
The gnoll sergeant hits you from afar with a +0 trident.
You struggle against the net.
The kobold hits you but does no damage.
The gnoll hits you from afar with a +0 spear.
The gnoll barely misses you. The gnoll hits you with a +0 flail.
The gnoll sergeant hits you from afar with a +0 trident.
* * * LOW HITPOINT WARNING * * *
You shred the net and break free!
The gnoll sergeant hits you from afar with a +0 trident.
The kobold hits you but does no damage.
The gnoll hits you from afar with a +0 spear!
* * * LOW HITPOINT WARNING * * *
You block the gnoll's attack. The gnoll hits you with a +0 flail.
* * * LOW HITPOINT WARNING * * *
The gnoll closely misses you. The gnoll attacks as you move away!
The gnoll misses you. The gnoll attacks as you move away!
The gnoll barely misses you. The kobold attacks as you move away!
The kobold hits you but does no damage. The kobold attacks as you move away!
The kobold hits you but does no damage. The kobold attacks as you move away!
You block the kobold's attack. The kobold attacks as you move away!
You block the kobold's attack. The gnoll attacks as you move away!
The gnoll hits you with a +0 flail.
* * * LOW HITPOINT WARNING * * *
The gnoll attacks as you move away! The gnoll hits you with a +0 flail.
* * * LOW HITPOINT WARNING * * *
The gnoll attacks as you move away! You block the gnoll's attack.
The kobold attacks as you move away!
The kobold hits you with a +0 short sword.
You die...

.........# <........# .......
.........# #...........# ..#
.........# #...........# ..#
....))...# ##.....##...# ..#
.####..#########......##...###'##
#####..###.....#......##...##....
#......#....P...g...............
#......+.......@K.g.........)...
#(.....#.....P...g.............#
##.......P.~...#.g...!......)..#
#######..~♣~....).####...###'##
#♣~~~♣~..#)### ##### ..#
#P~♣~~~P.....# ... #.~~~~♣~.....#
... #..~~~~♣.....# ...
#P...~......## ..#


You could see a gnoll sergeant, 3 gnolls and a kobold.

Vanquished Creatures
  A water moccasin (D:5)
  2 ice beasts
  2 ogres
  A centaur (D:6)
  A kobold brigand (D:6)
  3 scorpions
  2 hounds (D:5)
  An iguana (D:4)
  An orc wizard (D:5)
  5 gnolls
  6 adders
  5 dart slugs
  5 orcs
  7 endoplasms
  5 goblins
  8 hobgoblins
  12 kobolds
  4 quokkas
  5 ball pythons
  3 bats (D:1)
  4 frilled lizards
  4 rats
87 creatures vanquished.

Notes
Turn   | Place    | Note
-------+----------+-------------------------------------------
     0 | D:1      | Dittersdorf the Gargoyle Fighter began the quest for the
                  | Orb.
     0 | D:1      | Reached XP level 1. HP: 14/14 MP: 1/1
    54 | D:1      | Found a faded altar of an unknown god.
   120 | D:1      | Reached XP level 2. HP: 19/19 MP: 2/2
   164 | D:1      | You fall into a shaft and drop 1 floor!
   407 | D:1      | Reached XP level 3. HP: 20/23 MP: 3/3
   543 | D:1      | Found Egravol's Magic Scroll Shop.
  1128 | D:2      | Reached XP level 4. HP: 29/29 MP: 4/4
  1160 | D:2      | Found Casmuol's Magic Scroll Shoppe.
  1477 | D:3      | Noticed an ogre
  1489 | D:3      | Killed an ogre
  1490 | D:3      | Reached XP level 5. HP: 7/34 MP: 5/5
  1834 | D:3      | Found a bloodstained altar of Trog.
  1879 | D:3      | Found a faded altar of an unknown god.
  2005 | D:3      | Found a burning altar of Makhleb.
  2611 | D:4      | Reached XP level 6. HP: 37/39 MP: 6/6
  3124 | D:4      | Found a staircase to the Ecumenical Temple.
  3133 | Temple   | Entered the Ecumenical Temple
  3210 | Temple   | Became a worshipper of Warmaster Okawaru
  3570 | D:4      | Found a radiant altar of Vehumet.
  3582 | D:4      | Found a hide-covered altar of Uskayaw.
  3898 | D:5      | Entered Level 5 of the Dungeon
  3943 | D:5      | Reached skill level 5 in Fighting
  3954 | D:5      | Reached skill level 5 in Armour
  3954 | D:5      | Reached skill level 5 in Shields
  3954 | D:5      | Reached XP level 7. HP: 38/44 MP: 7/7
  4114 | D:5      | Reached * piety under Okawaru
  4287 | D:5      | Found a large runed translucent door.
  4288 | D:5      | Found a large runed translucent door.
  4291 | D:5      | Noticed AwFulAwFulPlayer's ghost (amateur OpDe)
  4613 | D:6      | Reached XP level 8. HP: 45/51 MP: 6/8
  4694 | D:6      | Reached skill level 5 in Maces & Flails
  4734 | D:6      | HP: 2/51 [gnoll/+0 flail[a gnoll sergeant] (6)]
  4746 | D:6      | HP: 2/51 [gnoll/+0 flail[a gnoll sergeant] (2)]
  4748 | D:6      | Slain by a kobold

Illustrated notes

Levels and vault maps discovered:
D:1:      dpeg_arrival_arbitrary_b, layout_basic,
          hellmonk_ecumenical_altar_crossroads, serial_shops,
          nicolae_shop_tiny_glass
D:2:      layout_basic, serial_shops, shop, grunt_decor_resistance,
          grunt_decor_arrowhead, minmay_tetromino_l2
D:3:      layout_loops_corners, nicolae_overflow_ecumenical_swirl,
          mainiacjoe_overflow_tiny_flanked
D:4:      layout_layer_cave, gammafunk_temple_overflow_statue,
          minmay_temple_entry_glass
D:5:      layout_cave_pools, ebering_ghost_disaster_area, minmay_misc_feat_doors
D:6:      layout_gridville, serial_bayou_pond_a
Temple:   nicolae_temple_superstar

Skill      XL: |  1  2  3  4  5  6  7  8 |
---------------+-------------------------+-----
Fighting       | 4 5 6 |  6.1
Maces & Flails | 3 4 5 |  5.0
Armour         | 4 5 6 |  6.1
Shields        | 4 5 6 |  6.1

Action                     |  1- 3 |  4- 6 |  7- 9 || total
---------------------------+-------+-------+-------++-------
  Melee: Flail             |   122 |   130 |   115 ||   367
  Throw: Dart              |       |     1 |       ||     1
    Use: Scroll            |       |    11 |     5 ||    16
 Armour: Scale mail        |    41 |    58 |    85 ||   184
  Dodge: Dodged            |    47 |    42 |    49 ||   138
  Block: Buckler           |    68 |    55 |    31 ||   154
         Reflection        |     5 |       |       ||     5

Table legend: (Time is in decaauts)
 A = Elapsed time spent in this place.
 B = Non-inter-level travel time spent in this place.
 C = Inter-level travel time spent in this place.
 D = Time resting spent in this place.
 E = Time spent auto-exploring this place.
 F = Levels seen in this place.
 G = Mean time per level.
                   A        B        C        D        E       F      G
               +--------+--------+--------+--------+--------+-----+--------+
         Total |   4845 |   4694 |    151 |    290 |   3400 |   7 |  692.1 |
       Dungeon |   4738 |   4602 |    136 |    290 |   3328 |   6 |  789.7 |
        Temple |    106 |     91 |     15 |      0 |     72 |   1 |  106.0 |
               +--------+--------+--------+--------+--------+-----+--------+

Top non-repeatable levels by time:
     D:4: 1438 daAuts
     D:3: 992 daAuts
     D:1: 824 daAuts
     D:5: 701 daAuts
     D:2: 618 daAuts
     D:6: 163 daAuts
  Temple: 106 daAuts
